 Dungeon Crawl Stone Soup version 0.27.1-37-g7b29ead8ac (console) character file.

Game seed: 15008695016067522110

2247 grimtooth the Carver (level 9, -9/66 HPs)
             Began as a Djinni Gladiator on Mar 8, 2023.
             Mangled by Dowan (12 damage)
             ... on level 4 of the Dungeon.
             The game lasted 00:46:33 (10633 turns).

grimtooth the Carver (Djinni Gladiator)            Turns: 10633, Time: 00:46:33

Health: -9/66      AC:  5    Str: 15    XL:     9   Next: 63%
Gold:   299        EV: 13    Int: 10    God:
                   SH:  0    Dex: 16

rFire    + + .     SeeInvis .   b - +1 short sword (vamp)
rCold    x . .     Faith    .   (no shield)
rNeg     . . .     Spirit   .   q - +0 leather armour
rPois    ∞         Reflect  .   c - +0 helmet
rElec    .         Harm     .   v - +0 cloak
rCorr    .         Rampage  .   (no gloves)
Will     .....                  (boots unavailable)
Stlth    +.........             (no amulet)
HPRegen  0.21/turn              (no ring)
MPRegen  0.00/turn              (no ring)

@: about to teleport, flying, very slightly contaminated, invisible
A: sickness immunity, fire resistance 2, cold vulnerability 1, float, innate
caster, hp casting, extra vitality 1
a: no special abilities


You were on level 4 of the Dungeon.
You visited 1 branch of the dungeon, and saw 7 of its levels.

You collected 299 gold pieces.

Inventory:

Hand Weapons
 a - a +0 long sword
 b - a +1 vampiric short sword (weapon)
Missiles
 d - 3 throwing nets {=f}
 g - 48 stones
 r - 15 poisoned darts (quivered)
Armour
 c - a +0 helmet (worn)
 q - a +0 leather armour (worn)
 v - a +0 cloak (worn)
Wands
 w - a wand of iceblast (6)
Scrolls
 f - 2 scrolls of teleportation
 i - a scroll of summoning {unknown}
 l - a scroll of blinking {unknown}
 n - a scroll of torment {unknown}
Potions
 e - a potion of haste {unknown}
 h - 3 potions of magic {unknown}
 j - a potion of mutation
 k - 2 potions of curing
 m - a potion of heal wounds
 o - a potion of brilliance {unknown}
 p - a potion of lignification
 s - a potion of flight {unknown}
 u - a potion of might {unknown}


   Skills:
 - Level 6.0 Fighting
 - Level 9.0 Long Blades
 - Level 1.5 Throwing
 * Level 4.5 Dodging
 + Level 3.3 Spellcasting


You had 5 spell levels left.
You knew the following spells:

 Your Spells              Type           Power      Damage    Failure   Level
a - Shock                 Conj/Air       32%        1d5       9%          1
b - Corpse Rot            Necr/Air       N/A        N/A       13%         2
c - Animate Dead          Necr           4%         N/A       63%         4
k - Blink                 Tloc           N/A        N/A       13%         2
Your spell library was empty.

Dungeon Overview and Level Annotations

Branches:
Dungeon (7/15)
 Temple: D:4-7

Altars:
Dithmenos
Fedhas
Kikubaaqudgha
Zin
The Shining One

Shops:
D:5 (

Annotations:
D:4 Dowan, Menkaure
D:7 Joseph


Innate Abilities, Weirdness & Mutations

You are immune to sickness and miasma.
You are immune to poison.
Your flesh is very heat resistant. (rF++)
You are vulnerable to cold. (rC-)
You float through the air rather than walking.
You learn spells naturally, not from books.
Your magical power is your life essence.
You have superior vitality. (+4 HP)


Message History

Dowan hits you with a +2 dagger of electrocution.
You are electrocuted!!
Dowan barely misses you.
Press: ? - help, v - describe, . - travel, g - get item
Here: Dowan, wielding a +2 dagger of electrocution and wearing a +0 robe (fast) Item here: a poisoned dart.
The floor.
Enter note: - bad Unknown command.
Okay, then.
Press: ? - help, v - describe, . - travel, g - get item
Here: Dowan, wielding a +2 dagger of electrocution and wearing a +0 robe (fast) Item here: a poisoned dart.
The floor.
Okay, then.
Okay, then.
You fade into invisibility!
Dowan barely misses you.
You riposte.
You hit Dowan.
Dowan is moderately wounded.
You are very lightly contaminated with residual magic.
You feel a sense of dread.
b - a +1 vampiric short sword (weapon)
Dowan barely misses you.
You hit Dowan.
You feel better.
Dowan is moderately wounded.
Dowan barely misses you.
Dowan says, "How can I live without her?"
Dowan points at you and mumbles some strange words.
The shard of ice hits you!!
You feel a painful chill!
* * * LOW HITPOINT WARNING * * *
Things that are here:
a +0 ring mail; a +0 hand axe
As you read the scroll of teleportation, it crumbles to dust.
You feel strangely unstable.
Dowan hits you with a +2 dagger of electrocution.
* * * LOW HITPOINT WARNING * * *
Dowan hits you with a +2 dagger of electrocution.
* * * LOW HITPOINT WARNING * * *
You are electrocuted!
You die...

######################
#####(....................
#...(.####################
#.###.###########**
#....)[..........,*
#.#.#.#)#.#.#.#.#.**
*....#....e.......,*
###.#.#.#@..#.#.#.,*
#..............,,*
###.#.#.....#.#,,*
#.....#......,,*
**###.#.##....#,,*
*,,,.....,.(....,*
*,,,.,..#,#.#.#.,*
*,,,,,...,,....,,* *****
*,,,,,,,,,*,*,*,,***,,,*
*,,,,,,,,,,,,*,,,,,*,*,,
*,,,,,,,,,,,*,*,,,,,,**,


You could see Dowan (fast).

Vanquished Creatures
  An acid dragon (D:7)
  3 sky beasts
  Duvessa (D:4)
  An orc warrior (D:6)
  2 ogres
  A black bear (D:7)
  2 necrophages
  A phantom (D:5)
  A kobold brigand (D:7)
  3 scorpions
  2 bullfrogs
  A wight (D:4)
  2 centaur zombies
  A bullfrog zombie (D:6)
  3 hounds (D:5)
  Crazy Yiuf (D:3)
  A bullfrog skeleton (D:6)
  5 orc priests
  3 jellies
  Jessica (D:2)
  2 orc wizards
  6 adders
  A white imp (D:6)
  A worm (D:2)
  2 dart slugs
  27 orcs
  9 endoplasms
  6 giant cockroaches
  10 goblins
  6 hobgoblins
  9 jackals
  10 kobolds
  3 quokkas
  9 ball pythons
  8 bats
  4 frilled lizards
  10 rats
159 creatures vanquished.

Vanquished Creatures (others)
  A black bear (D:6)
  3 fungi (D:1)
  6 plants
  2 withered plants (D:6)
12 creatures vanquished.

Grand Total: 171 creatures vanquished

Notes
Turn   | Place    | Note
-------+----------+-------------------------------------------
     0 | D:1      | grimtooth the Djinni Gladiator began the quest for the Orb.
     0 | D:1      | Reached XP level 1. HP: 18/18 MP: 0/0
   136 | D:1      | Reached skill level 3 in Long Blades
   185 | D:1      | Reached XP level 2. HP: 22/23 MP: 0/0
   474 | D:1      | Reached XP level 3. HP: 28/28 MP: 0/0
   474 | D:1      | Learned a level 1 spell: Shock
   504 | D:1      | Found a faded altar of an unknown god.
   921 | D:2      | Noticed Jessica
   944 | D:2      | Reached skill level 4 in Long Blades
  1174 | D:2      | Reached XP level 4. HP: 33/33 MP: 0/0
  2005 | D:3      | Found a runed translucent door.
  2006 | D:3      | Noticed Crazy Yiuf
  2081 | D:3      | Found a glowing golden altar of the Shining One.
  2195 | D:3      | Reached XP level 5. HP: 38/38 MP: 0/0
  2195 | D:3      | Learned a level 2 spell: Corpse Rot
  2195 | D:3      | - oh my favorite
  2550 | D:3      | Reached skill level 5 in Long Blades
  2749 | D:4      | Noticed Duvessa
  2749 | D:4      | Noticed Dowan
  2877 | D:2      | Killed Jessica
  3574 | D:4      | Noticed a bullfrog
  3583 | D:4      | Killed a bullfrog
  3584 | D:4      | Reached XP level 6. HP: 31/43 MP: 0/0
  3687 | D:4      | Noticed a necrophage
  3708 | D:4      | Killed a necrophage
  3709 | D:4      | Reached skill level 6 in Long Blades
  3781 | D:4      | Reached XP level 7. HP: 42/49 MP: 0/0
  3781 | D:4      | Learned a level 2 spell: Blink
  3821 | D:5      | Entered Level 5 of the Dungeon
  3835 | D:5      | Reached skill level 7 in Long Blades
  4020 | D:5      | Found Deubuah's Weapon Emporium.
  5401 | D:6      | Reached XP level 8. HP: 46/55 MP: 0/0
  5478 | D:6      | Reached skill level 8 in Long Blades
  5673 | D:3      | Killed Crazy Yiuf
  5803 | D:4      | Found a shadowy altar of Dithmenos.
  6285 | D:4      | Killed Duvessa
  6402 | D:4      | Noticed Menkaure
  7303 | D:6      | Reached skill level 9 in Long Blades
  7351 | D:6      | Reached skill level 1 in Spellcasting
  7622 | D:5      | Reached XP level 9. HP: 18/62 MP: 0/0
  7622 | D:5      | Learned a level 4 spell: Animate Dead
  8085 | D:6      | Found a blossoming altar of Fedhas.
  8895 | D:6      | Found a glowing silver altar of Zin.
  9489 | D:7      | Reached skill level 5 in Fighting
  9898 | D:7      | Noticed Joseph
 10468 | D:4      | Found a shadowy altar of Dithmenos.
 10622 | D:4      | - bad
 10633 | D:4      | HP: 3/66 [Dowan (3)]
 10633 | D:4      | Mangled by Dowan

Illustrated notes

... #..# ###..# #....#####
#####........#####
#.......##.......# ♣♣♣♣♣
....:....#.......# ### ♣♣♣.♣..
.........#.......###
#...#♣..♣...
#..###...#....()@..#
#...+.♣♣♣♣..
#..###...#...####..# #)..#♣♣
♣♣. #..+...............# ###
♣♣ ...##....########.$#
#........# ####### #........#
#.....#### ###
#........#####.##.###.# #.####
.....##.........#.# #.# #.....
#....#..........#.# #.# #.####
####.......####.#.###.########
...)......÷)..#.#.#...[......#


Turn 2195 on D:3: - oh my favorite ################### #####e@................
#...(.################# #.###.#########**** #....)[........,,,*
#.#.#.#)#.#.#.*,*,** *....#.........,,,,* ###.#.#.#...#.#,*,,*
#............,,,,* ###,#.#.....#,*,,* *,....#....,,,,* ****#.#,##...,*,,* Turn
10622 on D:4: - bad

Levels and vault maps discovered:
D:1:      beargit_arrival_diablo_church, layout_rooms,
          shapermc_ecumenical_altar_acropolis
D:2:      layout_loops_corners, uniq_jessica
D:3:      layout_basic, marbit_many_paths, st_stairs_3, uniq_crazy_yiuf_cottage
D:4:      layout_rooms, nicolae_dithmenos_the_darkroom,
          hangedman_decor_riveting, uniq_duvessa, uniq_menkaure
D:5:      layout_basic, serial_shops, shop
D:6:      layout_rooms, grunt_temple_overflow_growth_and_decay, kennysheep_mini,
          lemuel_flamethrower_2
D:7:      layout_basic, minmay_temple_entry_enclosed_plants,
          gammafunk_ghost_split, minmay_holes, uniq_prince_ribbit1, uniq_joseph,
          uniq_maggie

Skill      XL: |  1  2  3  4  5  6  7  8  9 |
---------------+----------------------------+-----
Long Blades    | 3 4 5 6 7 9 |  9.0
Fighting       | 3 6 |  6.0
Spellcasting   | 2 3 |  3.3
Dodging        | 4 |  4.5
Throwing       | |  1.5

Action                   |  1- 3 |  4- 6 |  7- 9 || total
-------------------------+-------+-------+-------++-------
Melee: Long sword        |    70 |   158 |   348 ||   576
       Short sword       |       |       |     6 ||     6
Throw: Stone             |    18 |    39 |    98 ||   155
       Dart              |       |       |    44 ||    44
 Cast: Shock             |     2 |       |     9 ||    11
       Blink             |       |       |     1 ||     1
       Corpse Rot        |       |       |     2 ||     2
Evoke: Wand              |       |       |     3 ||     3
  Use: Scroll            |       |       |     9 ||     9
       Potion            |       |       |     1 ||     1
 Stab: Sleeping          |     1 |     3 |       ||     4
Armor: Leather armour    |    16 |    38 |    65 ||   119
Dodge: Dodged            |    46 |   104 |   196 ||   346
       Rpst.: Long sword |    12 |    33 |    50 ||    95
